 Dungeon Sprint DCSS version 0.30-a0-596-g0af90f9a20 (webtiles) character file.

Game seed: 762783366096392343

3728 rocky1 the Fencer (level 10, -4/88 HPs)
             Began as a Merfolk Gladiator on Jan 7, 2023.
             Was an Initiate of Gozag.
             Slain by a cane toad (16 damage)
             ... in the Dungeon (Sprint IX: "|||||||||||||||||||||||||||||").
             The game lasted 00:03:59 (1300 turns).

rocky1 the Fencer (Merfolk Gladiator)               Turns: 1300, Time: 00:04:00

Health: -4/88      AC: 13    Str: 19    XL:     10   Next: 14%
Magic:  10/10      EV: 20    Int:  7    God:    Gozag
Gold:   1206       SH:  0    Dex: 19    Spells: 9/9 levels left

rFire   . . .      SeeInvis .    n - +2 scimitar (holy)
rCold   . . .      Faith    .    (no shield)
rNeg    . . .      Spirit   .    d - +3 ring mail
rPois   .          Reflect  .    c - +0 helmet
rElec   .          Harm     .    p - +0 cloak
rCorr   .          Rampage  .    o - +0 pair of gloves
Will    .....      NoTele   +    (no boots)
Stlth   ++                       (no amulet)
HPRegen 0.34/turn                s - +3 ring of strength
MPRegen 0.12/turn                r - +2 ring of evasion

@: lethally poisoned (-4 -> -14), gold aura
A: (nimble swimmer 2), mertail
a: Renounce Religion, Potion Petition, Call Merchant, Bribe Branch


You were in the Dungeon.
You worshipped Gozag.
Gozag was most pleased with you.
You visited 1 branch You collected 1206 gold pieces.

Inventory:

Hand Weapons
 a - a +0 long sword
 n - a +2 scimitar of holy wrath (weapon)
Missiles
 e - a javelin (quivered)
Armour
 b - a +0 leather armour
 c - a +0 helmet (worn)
 d - a +3 ring mail (worn)
 o - a +0 pair of gloves (worn)
 p - a +0 cloak (worn)
 q - a +0 plate armour
Jewellery
 r - a +2 ring of evasion (right hand)
 s - a +3 ring of strength (left hand)
Wands
 m - a wand of iceblast (9)
Scrolls
 j - 2 scrolls of identify
 k - 2 scrolls of blinking
 l - 2 scrolls of amnesia
 t - 2 scrolls of enchant weapon
 u - 2 scrolls of fear
Potions
 f - 6 potions of curing
 g - 2 potions of berserk rage
 h - 4 potions of heal wounds
 i - 4 potions of magic


   Skills:
 + Level 11.4 Fighting
 * Level 18.1 Long Blades
 - Level 5.1 Throwing
 + Level 7.2 Armour
 + Level 12.1 Dodging
 - Level 4.3 Stealth
 - Level 0.8 Evocations


You had 9 spell levels left.
You didn't know any spells.
Your spell library was empty.

Dungeon Overview and Level Annotations

Branches:
Dungeon (1/1)

Altars:
Cheibriados
Dithmenos
Elyvilon
Fedhas
Gozag
Hepliaklqana
Kikubaaqudgha
Makhleb
Nemelex Xobeh
Okawaru
Qazlal
Ru
Sif Muna
Trog
Uskayaw
Vehumet
Wu Jian
Xom
Yredelemnul
Zin
The Shining One
Jiyva
Lugonu


Innate Abilities, Weirdness & Mutations

((You are very nimble when in or above water. (Stealth+, EV+, Speed+++)))
Your lower body shifts to a powerful aquatic tail in water.


Message History

You hit the water moccasin.
You kill the water moccasin!
You see here 54 gold pieces.
You closely miss the cane toad.
The cane toad is no longer distracted by gold.
The cane toad closely misses you.
You barely miss the cane toad. The cane toad completely misses you.
You hit the cane toad but do no damage.
The bullfrog is no longer distracted by gold.
The cane toad closely misses you.
You slash the cane toad!
The cane toad is moderately wounded.
You hit the cane toad.
The cane toad is moderately wounded.
The blink frog is no longer distracted by gold.
The cane toad stings you!
The blink frog is distracted by your dazzling golden aura.
The bullfrog is distracted by your dazzling golden aura.
The bullfrog croaks.
You hit the cane toad but do no damage.
The cane toad is moderately wounded.
The cane toad misses you.
You slash the cane toad!
The cane toad is severely wounded.
The cane toad barely misses you.
You hit the cane toad.
The cane toad is severely wounded.
The cane toad stings you!!
* * * LOW HITPOINT WARNING * * *
You are poisoned.
The cane toad poisons you!
You barely miss the cane toad.
The cane toad is severely wounded.
* * * LOW HITPOINT WARNING * * *
You feel very sick.
The bullfrog is no longer distracted by gold.
The blink frog is no longer distracted by gold.
The cane toad stings you!
You die...
Your body crumbles into a pile of gold. $$$$$$$$$$$$$ $$$$$$$$$$$$

▓▓▓▓▓▓▓▓▓▓▓▓▓▓▓▓▓▓▓▓▓▓▓▓
'.....?.......$$@FFF....
▓▓▓▓▓▓▓▓▓▓▓▓▓▓▓▓▓▓▓▓▓▓▓▓▓▓▓▓▓▓▓▓▓
.................................
▓▓▓▓▓▓▓▓▓▓▓▓▓▓▓▓▓▓▓▓▓▓▓▓▓▓▓▓▓▓▓▓▓
...')†...'_______________________
▓▓▓▓▓▓▓▓▓▓▓▓▓▓▓▓▓▓▓▓▓▓▓▓▓▓▓▓▓▓▓▓▓


You could see a cane toad, a blink frog and a bullfrog.

Vanquished Creatures
  An anaconda (shapeshifter) (D)
  A tengu warrior (D)
  2 cyclopes (D)
  2 rime drakes (D)
  A troll (D)
  2 yaks (D)
  A steam dragon (D)
  2 water moccasins (D)
  2 centaurs (D)
  A kobold brigand (D)
  A gnoll sergeant (D)
  A killer bee (D)
  A howler monkey (D)
  A hound (D)
  An iguana (D)
  A white imp (D)
  An ufetubus (D)
  An endoplasm (D)
  3 goblins (D)
  A bat (D)
27 creatures vanquished.

Notes
Turn   | Place    | Note
-------+----------+-------------------------------------------
     0 | D        | rocky1 the Merfolk Gladiator began the quest for the Orb.
     0 | D        | Reached XP level 1. HP: 16/16 MP: 1/1
     9 | D        | Reached skill level 4 in Long Blades
    99 | D        | Noticed a hound
    99 | D        | Noticed a gnoll sergeant
    99 | D        | Noticed an iguana
   106 | D        | Killed a hound
   107 | D        | Reached skill level 6 in Long Blades
   107 | D        | Reached XP level 2. HP: 24/24 MP: 2/2
   107 | D        | Reached XP level 3. HP: 29/29 MP: 3/3
   113 | D        | Killed a gnoll sergeant
   114 | D        | Reached skill level 8 in Long Blades
   114 | D        | Reached XP level 4. HP: 27/37 MP: 4/4
   118 | D        | Reached XP level 5. HP: 18/43 MP: 5/5
   203 | D        | Found a snail-covered altar of Cheibriados.
   203 | D        | Found a shadowy altar of Dithmenos.
   203 | D        | Found a white marble altar of Elyvilon.
   203 | D        | Found a blossoming altar of Fedhas.
   203 | D        | Found an opulent altar of Gozag.
   204 | D        | Found a hazy altar of Hepliaklqana.
   205 | D        | Found a viscous altar of Jiyva.
   206 | D        | Found an ancient bone altar of Kikubaaqudgha.
   207 | D        | Found a corrupted altar of Lugonu.
   208 | D        | Found a burning altar of Makhleb.
   209 | D        | Found a sparkling altar of Nemelex Xobeh.
   210 | D        | Found an iron altar of Okawaru.
   211 | D        | Became a worshipper of Gozag Ym Sagoz the Greedy
   212 | D        | Found a stormy altar of Qazlal.
   213 | D        | Found a sacrificial altar of Ru.
   214 | D        | Found a shimmering blue altar of Sif Muna.
   215 | D        | Found a bloodstained altar of Trog.
   216 | D        | Found a hide-covered altar of Uskayaw.
   217 | D        | Found a radiant altar of Vehumet.
   218 | D        | Found an ornate altar of the Wu Jian Council.
   219 | D        | Found a shimmering altar of Xom.
   220 | D        | Found a basalt altar of Yredelemnul.
   221 | D        | Found a glowing silver altar of Zin.
   222 | D        | Found a glowing golden altar of the Shining One.
   275 | D        | Noticed a centaur
   275 | D        | Noticed a yak
   275 | D        | Noticed a kobold brigand
   275 | D        | Noticed a centaur
   285 | D        | Reached skill level 9 in Long Blades
   285 | D        | Reached skill level 1 in Armour
   287 | D        | Killed a centaur
   288 | D        | Reached skill level 5 in Fighting
   288 | D        | Reached skill level 10 in Long Blades
   288 | D        | Reached XP level 6. HP: 27/51 MP: 6/6
   290 | D        | Reached skill level 11 in Long Blades
   300 | D        | Killed a yak
   301 | D        | Reached skill level 12 in Long Blades
   301 | D        | Reached skill level 10 in Dodging
   301 | D        | Reached XP level 7. HP: 38/59 MP: 7/7
   314 | D        | Reached skill level 13 in Long Blades
   491 | D        | Noticed a troll
   491 | D        | Noticed a tengu warrior
   491 | D        | Noticed a cyclops
   491 | D        | Noticed a boulder beetle
   491 | D        | Noticed a steelbarb worm
   491 | D        | Noticed a cyclops
   503 | D        | Killed a troll
   504 | D        | Reached skill level 14 in Long Blades
   519 | D        | a steelbarb worm changed into an anaconda
   519 | D        | Noticed an anaconda (shapeshifter)
   533 | D        | Killed a cyclops
   534 | D        | Reached skill level 15 in Long Blades
   534 | D        | Reached XP level 8. HP: 23/69 MP: 8/8
   538 | D        | Killed an anaconda
   539 | D        | Reached skill level 16 in Long Blades
   539 | D        | Reached skill level 5 in Armour
   539 | D        | Reached skill level 1 in Stealth
   539 | D        | Reached XP level 9. HP: 27/78 MP: 9/9
   543 | D        | Killed a cyclops
   544 | D        | Reached skill level 10 in Fighting
   549 | D        | Killed a tengu warrior
   550 | D        | Reached skill level 17 in Long Blades
   550 | D        | Reached skill level 5 in Throwing
  1251 | D        | Noticed a rime drake
  1251 | D        | Noticed a rime drake
  1257 | D        | Killed a rime drake
  1264 | D        | Noticed a cane toad
  1268 | D        | Killed a rime drake
  1273 | D        | Reached XP level 10. HP: 78/88 MP: 10/10
  1287 | D        | Reached skill level 18 in Long Blades
  1300 | D        | Slain by a cane toad

Illustrated notes

Levels and vault maps discovered:
D:        linesprint [early_d, line_temple, items_1, d_10, items_2, lair_1,
          lair_end, items_3, orc_1, orc_end, items_4, d_15, swamp_1, shoals_1,
          snake_1, spider_1, d_20, vaults_1, items_5, swamp_end, shoals_end,
          snake_end, spider_end, vaults_end, d_27, items_6, zot_1, zot_end,
          crypt_end, forest_end, elf_end, slime_end, tomb_end, abyss_end,
          pan_hell_end]

Skill      XL: |  1  2  3  4  5  6  7  8  9 10 |
---------------+-------------------------------+-----
Long Blades    | 6 8 10 12 15 16 17 18 | 18.1
Fighting       | 3 4 5 6 8 9 11 | 11.4
Dodging        | 6 7 8 9 10 11 12 | 12.1
Throwing       | 3 4 5 |  5.1
Armour         | 1 2 4 5 7 |  7.2
Stealth        | 1 4 |  4.3
Evocations     | |  0.8

Action                   |  1- 3 |  4- 6 |  7- 9 | 10-12 || total
-------------------------+-------+-------+-------+-------++-------
Melee: Long sword        |    29 |     3 |       |       ||    32
       Scimitar          |       |    23 |    81 |    25 ||   129
       Punch             |       |       |     1 |       ||     1
Throw: Throwing net      |       |       |     3 |       ||     3
Evoke: Wand              |       |       |     1 |       ||     1
  Use: Potion            |     1 |     1 |     4 |       ||     6
       Scroll            |       |       |     1 |       ||     1
 Stab: Invisible         |       |       |     6 |       ||     6
Armor: Leather armour    |     5 |       |       |       ||     5
       Plate armour      |       |    10 |    36 |       ||    46
       Ring mail         |       |       |     5 |     3 ||     8
Dodge: Dodged            |    14 |    13 |    34 |    15 ||    76

Table legend: (Time is in decaauts)
 A = Elapsed time spent in this place.
 B = Non-inter-level travel time spent in this place.
 C = Inter-level travel time spent in this place.
 D = Time resting spent in this place.
 E = Time spent auto-exploring this place.
 F = Levels seen in this place.
 G = Mean time per level.
                   A        B        C        D        E       F      G
               +--------+--------+--------+--------+--------+-----+--------+
         Total |   1257 |   1151 |    106 |    778 |      3 |   1 | 1257.0 |
       Dungeon |   1257 |   1151 |    106 |    778 |      3 |   1 | 1257.0 |
               +--------+--------+--------+--------+--------+-----+--------+

Top non-repeatable levels by time:
       D: 1257 daAuts
